 Dungeon Crawl Stone Soup version 0.31-a0-233-g139696dc86 (webtiles) character file.

Game seed: 6252312612490487693

93 Lorrdernie the Insei (level 4, -4/28 HPs)
             Began as an Octopode Transmuter on July 8, 2023.
             Slain by a gnoll
             ... wielding a +0 halberd
              (12 damage)
             ... on level 3 of the Dungeon.
             The game lasted 00:03:20 (2322 turns).

Lorrdernie the Insei (Octopode Transmuter)          Turns: 2322, Time: 00:03:20

Health: -4/28      AC:  1    Str:  9    XL:     4   Next: 62%
Magic:  7/7        EV: 13    Int: 17    God:
Gold:   120        SH:  0    Dex: 12    Spells: 1/7 levels left

rFire   . .          .
                       - Unarmed
rCold   . . .        (no shield)
rNeg    . . .        (helmet restricted)
rPois   .            (no amulet)
rElec   .            (no ring)
rCorr   .            (no ring)
SInv    .            (no ring)
Will    .....        (no ring)
Stlth   ++           (no ring)
HPRegen 0.24/turn    (no ring)
MPRegen 0.10/turn    (no ring)
                     (no ring)

%: no passive effects
@: no status effects
A: almost no armour, amphibious, 8 rings, camouflage 1, gelatinous body 1,
(nimble swimmer 1), tentacles
a: no special abilities


You were on level 3 of the Dungeon.
You visited 1 branch of the dungeon, and saw 3 of its levels.

You collected 120 gold pieces.

Inventory:

Scrolls
 c - 2 scrolls of revelation {unknown}
 d - a scroll of noise {unknown}
 e - a scroll of identify {unknown}
 g - 2 scrolls of teleportation {unknown}
Potions
 a - 2 potions of mutation {unknown}
 b - a potion of lignification
 f - a potion of resistance {unknown}


   Skills:
 - Level 1.0 Fighting
 - Level 2.0 Dodging
 + Level 3.7 Unarmed Combat
 + Level 2.4 Spellcasting
 * Level 3.1 Transmutations
 * Level 2.0 Poison Magic


You had one spell level left.
You knew the following spells:

 Your Spells              Type           Power      Damage    Failure   Level
a - Beastly Appendage     Tmut           24%        N/A       4%          1
b - Wereblood             Tmut           12%        N/A       8%          2
c - Spider Form           Tmut/Pois      10%        N/A       19%         3

Your spell library contained the following spells:

 Spells                   Type           Power      Damage    Failure   Level
 Ice Form                 Ice/Tmut       7%         N/A       67%         4


Dungeon Overview and Level Annotations

Branches:
Dungeon (3/15)

Altars:


Innate Abilities, Weirdness & Mutations

You cannot wear most types of armour.
You are amphibious.
You can wear up to eight rings at the same time.
Your skin changes colour to match your surroundings (Stealth+).
Your rubbery body absorbs attacks. (AC +1, EV +1)
((You are camouflaged when in or above water. (Stealth+)))
You have tentacles for arms and can constrict up to eight enemies at once.


Message History

You now have 120 gold pieces (gained 14).
There is a stone staircase leading down here.
You see here 3 poisoned darts.
You see here 3 poisoned darts.
You see here a +0 spear.
You open the door.
There is a stone staircase leading down here.
You see here 3 stones.
Key pressed, stopping explore.
Done exploring.
Done exploring.
Done exploring.
(D) Dungeon
Where to? (Enter - D:2 @ (x,y), ? - help)
What level of the Dungeon? (default 1, ? - help)
There is a stone staircase leading down here.
You climb downwards.
Found a scroll labelled FOIL SALALERED and a robe.
Found a stone staircase leading down.
There is a stone staircase leading up here.
There are monsters nearby!
Okay, then.
The helpless gnoll fails to defend itself.
You tentacle-slap the gnoll. You grab the gnoll.
The gnoll is lightly wounded.
You constrict the gnoll.
The gnoll shouts!
The gnoll shouts!
You tentacle-slap the gnoll.
The gnoll is heavily wounded.
You constrict the gnoll, but do no damage.
The gnoll hits you with a +0 club!
You tentacle-slap the gnoll.
The gnoll is almost dead.
You constrict the gnoll. The gnoll hits you with a +0 club.
You are too injured to fight recklessly!
You release your grip on the gnoll.
The gnoll hits you with a +0 club.
* * * LOW HITPOINT WARNING * * *
The gnoll hits you from afar with a +0 halberd!
You die...

~≈≈≈≈≈≈≈~≈≈≈≈≈≈
~~~~≈≈~~~~~~≈≈≈
~.~~.~~~...~.~~
. .........r...
..............
###.#..?...g.
......>..g###
#..@g...#
.........##.#
....#..#.# ...
#.. .# . ... ..
.... .## .[#..
.# ...... .#


You could see 3 gnolls and a quokka.

Vanquished Creatures
  Robin (D:2)
  2 adders (D:2)
  A dart slug (D:1)
  7 endoplasms
  3 giant cockroaches
  11 goblins
  7 hobgoblins
  4 jackals (D:1)
  5 ball pythons
  5 bats
  3 frilled lizards
  4 kobolds
  2 rats
55 creatures vanquished.

Notes
Turn   | Place    | Note
-------+----------+-------------------------------------------
     0 | D:1      | Lorrdernie the Octopode Transmuter began the quest for the
                  | Orb.
     0 | D:1      | Reached XP level 1. HP: 13/13 MP: 3/3
   157 | D:1      | Reached XP level 2. HP: 17/18 MP: 3/5
   161 | D:1      | Learned a level 2 spell: Wereblood
   498 | D:1      | Reached XP level 3. HP: 13/23 MP: 6/6
   556 | D:1      | Learned a level 3 spell: Spider Form
  1049 | D:2      | Noticed Robin
  1086 | D:2      | Reached skill level 1 in Poison Magic
  1093 | D:2      | HP: 1/34 [goblin/+0 dagger[Robin] (2)]
  1102 | D:2      | Killed Robin
  1103 | D:2      | Reached XP level 4. HP: 4/28 MP: 7/7
  2322 | D:3      | Slain by a gnoll

Illustrated notes

Levels and vault maps discovered:
D:1:      minmay_arrival_doors, layout_loops_ring, kennysheep_boxes
D:2:      layout_basic, uniq_robin
D:3:      minmay_goblin_kobold_castle, layout_basic,
          mainiacjoe_overflow_surrounded_room, yredelemnul_altar_generic,
          chequers_mini_garden, uniq_natasha, uniq_sigmund, uniq_terence

Skill      XL: |  1  2  3  4 |
---------------+-------------+-----
Poison Magic   | 1 2 |  2.0
Transmutations | 3 |  3.1
Fighting       | |  1.0
Dodging        | |  2.0
Unarmed Combat | |  3.7
Spellcasting   | |  2.4

Action                     |  1- 3 |  4- 6 || total
---------------------------+-------+-------++-------
  Melee: Unarmed           |    86 |    38 ||   124
         Kick              |    13 |     5 ||    18
         Constrict         |    15 |     8 ||    23
         Tentacles         |     6 |     4 ||    10
         Punch             |     3 |       ||     3
   Cast: Beastly Appendage |    19 |    11 ||    30
         Wereblood         |     1 |       ||     1
         Spider Form       |     2 |       ||     2
    Use: Potion            |     3 |       ||     3
   Stab: Sleeping          |     7 |     2 ||     9
 Armour: Skin              |    18 |     3 ||    21
  Dodge: Dodged            |    60 |    11 ||    71

Table legend: (Time is in decaauts)
 A = Elapsed time spent in this place.
 B = Non-inter-level travel time spent in this place.
 C = Inter-level travel time spent in this place.
 D = Time resting spent in this place.
 E = Time spent auto-exploring this place.
 F = Levels seen in this place.
 G = Mean time per level.
                   A        B        C        D        E       F      G
               +--------+--------+--------+--------+--------+-----+--------+
         Total |   2312 |   2257 |     55 |    449 |   1468 |   3 |  770.7 |
       Dungeon |   2312 |   2257 |     55 |    449 |   1468 |   3 |  770.7 |
               +--------+--------+--------+--------+--------+-----+--------+

Top non-repeatable levels by time:
     D:2: 1293 daAuts
     D:1: 1015 daAuts
     D:3: 3 daAuts
